Map: Dusk Towers

Players

OwNaGe - Winner!

  • Race: Protoss Protoss
  • League: Diamond

Dragonborn

  • Race: Protoss Protoss
  • League: Diamond

VOD

Have the link to the VOD?

Description

Time

  • Played on: Dec. 30, 2015, 12:29 p.m.
  • Length: 11:35
Show
View Real Time Build Order
Export as new Build Order

OwNaGe Protoss - Winner!

Build Orders: 1 Gate Expand 

Get SALT Encoding   

  12  0:01  Probe (Chrono Boost)  
  13  0:11  Probe (Chrono Boost)  
  14  0:19  Pylon  
  14  0:22  Probe (Chrono Boost)  
  15  0:37  Probe (Chrono Boost)  
  15  0:40  Gateway  
  16  0:45  Assimilator  
  16  0:48  Probe (Chrono Boost)  
  17  0:59  Probe (Chrono Boost)  
  18  1:09  Probe (Chrono Boost)  
  19  1:27  Nexus  
  19  1:39  Cybernetics Core  
  19  1:46  Assimilator  
  19  1:47  Probe (Chrono Boost)  
  20  1:54  Pylon  
  20  1:58  Probe (Chrono Boost)  
  21  2:09  Probe (Chrono Boost)  
  22  2:15  Warp Gate  
  22  2:24  Robotics Facility  
  22  2:28  Probe (Chrono Boost), Pylon  
  23  2:38  Probe (Chrono Boost)  
  23  2:39  Probe (Chrono Boost)  
  25  2:49  Probe (Chrono Boost)  
  25  2:50  Mothership Core (Chrono Boost)  
  28  2:59  Stalker  
  28  3:00  Probe (Chrono Boost)  
  31  3:05  Assimilator  
  31  3:08  Probe (Chrono Boost)  
  32  3:13  Probe (Chrono Boost)  
  33  3:25  Gateway  
  33  3:27  Gateway  
  33  3:28  Observer  
  33  3:29  Probe x2 (Chrono Boost)  
  36  3:35  Pylon  
  36  3:39  Probe x2 (Chrono Boost)  
  38  3:41  Stalker  
  40  3:50  Probe (Chrono Boost)  
  40  3:52  Assimilator  
  39  3:59  Probe (Chrono Boost)  
  39  4:04  Immortal  
  39  4:08  Probe (Chrono Boost)  
  39  4:09  Probe (Chrono Boost)  
  45  4:19  Probe (Chrono Boost)  
  45  4:20  Probe (Chrono Boost), Zealot x2  
  45  4:22  Zealot  
  53  4:26  Pylon  
  53  4:29  Probe (Chrono Boost)  
  54  4:31  Twilight Council  
  54  4:40  Probe x2 (Chrono Boost)  
  54  4:42  Zealot  
  54  4:43  Zealot  
  60  4:50  Immortal  
  60  4:51  Probe (Chrono Boost)  
  65  4:57  Pylon  
  65  5:06  Zealot x2  
  69  5:12  Pylon  
  69  5:19  Probe (Chrono Boost)  
  69  5:20  Probe (Chrono Boost)  
  71  5:22  Pylon  
  71  5:25  Zealot  
  71  5:26  Zealot, Charge  
  75  5:31  Probe x2 (Chrono Boost)  
  77  5:41  Probe x2 (Chrono Boost)  
  79  5:52  Probe x2 (Chrono Boost)  
  81  5:57  Gateway  
  81  5:58  Pylon  
  81  6:01  Nexus  
  81  6:02  Probe (Chrono Boost)  
  80  6:09  Robotics Bay  
  80  6:10  Gateway  
  80  6:20  Probe x2 (Chrono Boost)  
  82  6:31  Stalker x3, Probe x2 (Chrono Boost)  
  90  6:41  Probe x2 (Chrono Boost), Pylon  
  92  6:49  Assimilator  
  92  6:52  Probe x2 (Chrono Boost)  
  92  6:53  Assimilator  
  94  6:54  Pylon  
  94  6:59  Disruptor (Chrono Boost)  
  97  7:02  Probe  
  97  7:04  Probe, Zealot x3  
  105  7:14  Probe x3  
  108  7:24  Probe  
  108  7:25  Zealot x5  
  108  7:26  Probe  
  120  7:31  Disruptor (Chrono Boost)  
  120  7:33  Robotics Facility  
  120  7:34  Probe  
  120  7:35  Probe  
  125  7:46  Sentry, Zealot  
  125  7:47  Zealot x2  
  133  7:53  Pylon  
  133  7:56  Pylon  
  133  8:02  Probe  
  127  8:18  Probe  
  125  8:20  Probe x2  
  125  8:24  Adept x3  
  125  8:25  Adept x2  
  137  8:29  Probe  
  137  8:31  Probe  
  137  8:32  Probe  
  146  8:37  Colossus (Chrono Boost)  
  146  8:39  Probe  
  147  8:41  Probe  
  147  8:44  Probe  
  147  8:45  Gateway  
  149  8:48  Gateway  
  149  8:52  Gateway  
  149  8:59  Pylon  
  149  9:02  Pylon  
  149  9:10  Gateway  
  149  9:12  Gateway  
  149  9:14  Nexus  
  149  9:16  Probe  
  149  9:17  Probe x2  
  149  9:18  Colossus (Chrono Boost)  
  155  9:26  Stalker x3, Probe  
  155  9:27  Stalker, Probe  
  165  9:38  Pylon  
  165  9:40  Pylon  
  165  9:44  Assimilator  
  165  9:50  Pylon  
  165  9:52  Pylon  
  165  9:54  Probe x2  
  165  9:55  Pylon  
  165  9:56  Probe  
  171  10:01  Disruptor (Chrono Boost)  
  171  10:05  Probe x2  
  173  10:08  Probe, Forge  
  173  10:10  Forge  
  173  10:13  Forge  
  173  10:15  Colossus (Chrono Boost), Probe x2  
  173  10:17  Sentry x2  
  185  10:24  Probe  
  185  10:26  Probe  
  187  10:34  Gateway  
  187  10:36  Gateway  
  187  10:38  Gateway  
  187  10:40  Gateway  
  163  11:04  Zealot  
  163  11:05  Zealot x5  
  163  11:06  Zealot x4  
  192  11:17  Probe  
  192  11:18  Probe  
  192  11:24  Robotics Facility  
  194  11:27  Robotics Facility  
Show
View Real Time Build Order
Export as new Build Order

Dragonborn Protoss 

Build Orders:  

Get SALT Encoding   

  12  0:01  Probe (Chrono Boost)  
  13  0:11  Probe (Chrono Boost)  
  14  0:17  Pylon  
  14  0:22  Probe (Chrono Boost)  
  16  0:35  Probe (Chrono Boost)  
  16  0:39  Gateway  
  16  0:41  Assimilator  
  16  0:46  Probe (Chrono Boost)  
  17  0:56  Probe (Chrono Boost)  
  18  1:07  Probe (Chrono Boost)  
  19  1:18  Probe (Chrono Boost)  
  20  1:28  Probe (Chrono Boost)  
  20  1:30  Cybernetics Core  
  21  1:39  Probe (Chrono Boost)  
  22  1:46  Nexus  
  22  1:49  Pylon  
  22  1:54  Assimilator  
  22  1:58  Probe (Chrono Boost)  
  23  2:09  Pylon  
  23  2:12  Adept (Chrono Boost)  
  23  2:14  Warp Gate (Chrono Boost)  
  25  2:22  Mothership Core (Chrono Boost)  
  27  2:38  Adept (Chrono Boost)  
  27  2:43  Probe  
  30  2:55  Probe  
  30  2:57  Probe, Assimilator  
  31  3:04  Robotics Facility  
  32  3:07  Gateway, Probe  
  32  3:12  Probe  
  34  3:22  Stalker (Chrono Boost)  
  34  3:25  Pylon  
  34  3:26  Probe  
  37  3:27  Probe  
  38  3:34  Assimilator  
  38  3:38  Probe  
  39  4:00  Probe  
  39  4:01  Probe  
  39  4:09  Immortal  
  43  4:10  Probe  
  43  4:13  Probe  
  43  4:16  Gateway  
  45  4:20  Gateway  
  45  4:21  Stalker  
  45  4:22  Stalker  
  49  4:30  Probe  
  49  4:31  Probe  
  51  4:41  Probe  
  51  4:43  Probe  
  51  4:45  Stalker x2  
  57  4:50  Warp Prism  
  59  4:53  Pylon  
  59  5:03  Probe  
  59  5:04  Probe  
  61  5:17  Probe  
  61  5:21  Twilight Council  
  62  5:23  Gateway  
  62  5:24  Sentry x2  
  62  5:25  Sentry x2  
  70  5:51  Pylon  
  70  5:52  Pylon  
  70  6:00  Probe  
  70  6:01  Probe, Nexus  
  70  6:06  Pylon  
  70  6:10  Immortal  
  74  6:11  Adept  
  74  6:12  Adept x3  
  74  6:17  Pylon  
  82  6:22  Assimilator  
  82  6:28  Charge  
  82  6:29  Probe  
  83  6:34  Zealot x2  
  83  6:35  Zealot  
  83  6:36  Probe  
  83  6:37  Sentry  
  92  6:45  Forge  
  92  7:03  Sentry x3  
  92  7:04  Sentry x2  
  92  7:07  Pylon  
  102  7:09  Assimilator  
  102  7:11  Probe  
  102  7:12  Probe  
  102  7:13  Immortal  
  102  7:15  Pylon  
  108  7:22  Robotics Bay  
  108  7:27  Protoss Ground Weapons Level 1 (Chrono Boost)  
  108  7:29  Probe x2  
  108  7:30  Probe  
  111  7:40  Probe  
  111  7:42  Probe  
  113  7:48  Probe  
  114  7:54  Forge  
  114  7:58  Gateway  
  114  7:59  Gateway  
  110  8:32  Zealot x3  
  110  8:33  Zealot x2  
  120  8:37  Resonating Glaives, Disruptor  
  123  8:45  Probe, Protoss Ground Armor Level 1 (Chrono Boost)  
  124  8:59  Adept x2  
  124  9:00  Adept x2  
  132  9:05  Nexus, Pylon  
  132  9:06  Pylon  
  132  9:08  Pylon x2  
  132  9:09  Pylon  
  132  9:20  Colossus  
  132  9:22  Protoss Ground Weapons Level 2 (Chrono Boost)  
  138  9:30  Assimilator  
  138  9:34  Dark Shrine  
  138  9:35  Assimilator  
  138  9:36  Templar Archives  
  138  9:40  Photon Cannon  
  138  9:44  Photon Cannon  
  138  9:47  Photon Cannon  
  138  9:54  Probe x2  
  138  9:55  Photon Cannon  
  138  9:57  Probe  
  138  9:58  Photon Cannon  
  141  10:09  Colossus  
  147  10:23  Adept x3  
  147  10:24  Adept x4  
  106  11:03  Adept x3  
  106  11:04  Adept x4  
  111  11:17  Probe x2  
  103  11:25  Stalker x4  
  109  11:26  Stalker x3  
Tags
 
Add a new tag
Caveats
  • Supply blocks, unpowered buildings, or Contaminate may cause inaccurate times.
  • Supply counts are checked every 10 seconds.